 Dungeon Crawl Stone Soup version 0.28-a0-8-g6e044cfa68 (webtiles) character file.

Game seed: 1279362435088215382

35 tsouns the Chiller (level 3, -4/19 HPs)
             Began as a Deep Elf Ice Elementalist on July 23, 2021.
             Slain by a polar bear (5 damage)
             ... created by the rage of Trog
             ... on level 2 of the Dungeon.
             The game lasted 00:02:51 (1566 turns).

tsouns the Chiller (Deep Elf Ice Elementalist)      Turns: 1566, Time: 00:02:52

Health: -4/19      AC:  3    Str:  5    XL:     3   Next: 16%
Magic:  8/10       EV: 12    Int: 20    God:
Gold:   90         SH:  0    Dex: 15    Spells: 9/10 levels left

rFire   . . .      SeeInvis .   b - +0 great sword
rCold   . . .      Faith    +   (shield currently unavailable)
rNeg    . . .      Spirit   .   a - +0 robe
rPois   .          Reflect  .   (no helmet)
rElec   .          Harm     .   i - +0 cloak
rCorr   +          Rampage  .   (no gloves)
Will    .....                   (no boots)
Stlth   ++........              e - amulet of faith
HPRegen 0.06/turn               h - ring of resist corrosion
MPRegen 0.12/turn               (no ring)

@: no status effects
A: no striking features
a: no special abilities


You were on level 2 of the Dungeon.
You visited 1 branch of the dungeon, and saw 2 of its levels.

You collected 90 gold pieces.

Inventory:

Hand Weapons
 b - a +0 great sword (weapon)
Missiles
 g - 12 poisoned darts
Armour
 a - a +0 robe (worn)
 i - a +0 cloak (worn)
Jewellery
 e - an amulet of faith (around neck)
 h - a ring of resist corrosion (left hand)
Potions
 c - a potion of heal wounds {unknown}
 d - a potion of mutation {unknown}
 f - a potion of curing {unknown}


   Skills:
 - Level 2.4 Dodging
 - Level 2.4 Stealth
 + Level 4.1 Spellcasting
 + Level 5.0 Ice Magic


You had 9 spell levels left.
You knew the following spells:

 Your Spells              Type           Power      Damage    Failure   Level
a - Freeze                Ice            96%        1d11      1%          1

Your spell library contained the following spells:

 Spells                   Type           Power      Damage    Failure   Level
 Frozen Ramparts          Ice            48%        1d6       4%          3
 Ozocubu's Armour         Ice            24%        N/A       4%          3
 Hailstorm                Conj/Ice       14%        3d5       41%         4


Dungeon Overview and Level Annotations

Branches:
Dungeon (2/15)

Altars:
Ashenzari
Trog

Shops:
D:1 (


Message History

You close the door, pushing everything out of the way.
You hear an angry growl.
You hear an angry growl.
You hear an angry growl.
You hear an angry growl. x3
You hear an angry growl.
You hear an angry growl. x5
You hear an angry growl.
You hear an angry growl. x2
You hear an angry growl. x3
You hear an angry growl. x2
You hear an angry growl.
You open the door.
The polar bear growls angrily.
You hear an angry growl. x2
The polar bear barely misses you. The polar bear closely misses you.
The polar bear claws you but does no damage.
You aren't carrying any scrolls.
Unknown command.
Casting: Freeze (safe; 1% risk of failure)
Confirm with . or Enter, or press ? or * to list all spells.
Aiming: Freeze (safe; 1% risk of failure)
Press: ? - help, Shift-Dir - straight line, f - polar bear
Aim: a polar bear (durably summoned, berserk)
You freeze the polar bear.
The polar bear resists.
The polar bear is lightly wounded.
The polar bear bites you!
Ouch! That really hurt!
The polar bear claws you.
* * * LOW HITPOINT WARNING * * *
The polar bear misses you.
Casting: Freeze (safe; 1% risk of failure)
Confirm with . or Enter, or press ? or * to list all spells.
Aiming: Freeze (safe; 1% risk of failure)
Press: ? - help, Shift-Dir - straight line, f/p - polar bear
Aim: a polar bear (lightly wounded, durably summoned, berserk)
You freeze the polar bear.
The polar bear resists.
The polar bear is lightly wounded.
The polar bear barely misses you. The polar bear closely misses you.
The polar bear claws you.
You die...

#........................
###++..#####.............
#.###.#..'.#
+..........#.. ..
#.....#..###
#......<.....# ...
##...'.# +.......).##..
(.... #....###
#.............
.....######....'h#
+.............
............##.###
#.............
.....#........hh@#
+.........##..
.....#........h###
#.........##..
.........#.....+
+.............
.........#.....#
#....#####....
.........#.......
....#####....
.........#........
#........
......[..#........
#......(.
.........###....##+
#........ .........#
....##.###+######....


You could see 3 polar bears.

Vanquished Creatures
  A dart slug (D:1)
  A ball python (D:1)
  2 endoplasms (D:1)
  A giant cockroach (D:1)
  7 goblins
  4 kobolds
  2 quokkas (D:1)
  3 bats
  3 frilled lizards
  6 rats
30 creatures vanquished.

Notes
Turn   | Place    | Note
-------+----------+-------------------------------------------
     0 | D:1      | tsouns the Deep Elf Ice Elementalist began the quest for
                  | the Orb.
     0 | D:1      | Reached XP level 1. HP: 10/10 MP: 6/6
   288 | D:1      | Reached XP level 2. HP: 5/15 MP: 4/8
   828 | D:1      | Found Nuq Viu's Antique Weapon Boutique.
  1189 | D:2      | Found a broken altar of Ashenzari.
  1225 | D:2      | Reached skill level 5 in Ice Magic
  1225 | D:2      | Reached XP level 3. HP: 19/19 MP: 5/10
  1310 | D:2      | Found a faded altar of an unknown god.
  1328 | D:2      | Became a worshipper of Trog the Wrathful
  1328 | D:2      | Reached * piety under Trog
  1329 | D:2      | Fell from the grace of Trog
  1544 | D:2      | Noticed a polar bear
  1544 | D:2      | Noticed a polar bear
  1544 | D:2      | Noticed a polar bear
  1544 | D:2      | Noticed a polar bear
  1566 | D:2      | Slain by a polar bear

Illustrated notes

Levels and vault maps discovered:
D:1:      dpeg_arrival_rooms_a, layout_basic, serial_shops, shop,
          palyth_stone_intersect, minmay_statues_item
D:2:      layout_basic, hellmonk_ecumenical_altar_crossroads, basic_altar,
          minmay_rat_gold_closets

Skill      XL: |  1  2 |
---------------+-------+-----
Spellcasting   | 4 |  4.1
Ice Magic      | 5 |  5.0
Dodging        | |  2.4
Stealth        | |  2.4

Action                   || total
-------------------------++-------
Melee: Unarmed           ||     3
       Great sword       ||     8
 Cast: Freeze            ||    40
Invok: Renounce Religion ||     1
 Stab: Sleeping          ||     3
Armor: Robe              ||     4
Dodge: Dodged            ||    18
       Rpst.: Great sword ||     3

Table legend: (Time is in decaauts)
 A = Elapsed time spent in this place.
 B = Non-inter-level travel time spent in this place.
 C = Inter-level travel time spent in this place.
 D = Time resting spent in this place.
 E = Time spent auto-exploring this place.
 F = Levels seen in this place.
 G = Mean time per level.
                   A        B        C        D        E       F      G
               +--------+--------+--------+--------+--------+-----+--------+
         Total |   1570 |   1550 |     20 |      0 |   1324 |   2 |  785.0 |
       Dungeon |   1570 |   1550 |     20 |      0 |   1324 |   2 |  785.0 |
               +--------+--------+--------+--------+--------+-----+--------+

Top non-repeatable levels by time:
     D:1: 1159 daAuts
     D:2: 411 daAuts
